Map: Die Wiege des Todes

Players

Durandal

  • Race: Zerg Zerg

Lustiwello

  • Race: Zerg Zerg

VOD

Have the link to the VOD?

Description

Time

  • Played on: Feb. 27, 2024, 12:51 p.m.
  • Length: 10:22
Show
View Real Time Build Order
Export as new Build Order

Durandal Zerg 

Build Orders:  

Get SALT Encoding   

  1  0:00  Drone x12, Lair, Overlord  
    0:19  Unknown  
  6  0:30  Unknown  
  6  0:31  Overlord  
  6  0:40  Drone x2  
  7  0:53  Drone x2  
  8  1:00  Drone x2  
  8  1:08  Drone x2  
  10  1:17  Drone x2  
  11  1:24  Drone x2  
  12  1:32  Drone x2  
  13  1:41  Drone x2  
  14  1:59  Spawning Pool  
  13  2:15  Evolution Chamber  
  13  2:16  Evolution Chamber  
  12  2:24  Extractor  
  12  2:27  Extractor  
  11  2:36  Zergling x2  
  11  2:37  Zergling x4  
  11  2:38  Zergling x4  
  11  2:39  Zergling x2  
  17  2:48  Overlord  
  17  3:00  Drone x2  
  17  3:09  Drone x2  
  19  3:18  Queen  
  20  3:23  Drone x2  
  21  3:43  Drone x2  
  21  3:45  Zergling x2  
  23  3:52  Overlord  
  23  4:03  Spine Crawler  
  23  4:05  Spore Crawler  
  23  4:09  Overlord  
  22  4:19  Unknown  
  22  4:22  Zergling x2  
  15  5:14  Unknown  
  15  5:15  Unknown  
  15  5:33  Zerg Ground Armor Level 1  
  15  6:01  Lair  
  15  6:07  Overlord  
  15  6:08  Zergling x2, Overlord x3  
  15  6:09  Zergling x6  
  19  6:22  Zergling x2  
  20  6:48  Zergling x4  
  36  7:26  Metabolic Boost  
  36  7:29  Zergling x2  
  8  7:38  Drone x4  
  8  7:39  Drone x4  
  12  7:42  Drone x2  
  13  7:54  Drone x2  
  14  8:04  Drone x2  
  15  8:10  Queen  
  15  8:12  Unknown  
  15  8:13  Heroic Fortitude  
  15  8:15  Drone x2  
  15  8:18  Drone x4  
  15  8:19  Drone x2  
  20  8:31  Overlord  
  20  8:39  Unknown  
  20  9:00  Queen  
Show
View Real Time Build Order
Export as new Build Order

Lustiwello Zerg 

Build Orders:  

Get SALT Encoding   

  1  0:00  Hive, Overlord  
    0:02  Drone x12  
    0:19  Unknown  
  12  0:27  Drone  
  13  0:32  Drone  
  13  0:33  Unknown  
  14  0:44  Overlord  
  14  1:33  Spawning Pool  
  14  1:37  Overlord x2  
  14  1:39  Overlord  
  13  2:03  Extractor  
  13  2:07  Extractor  
  11  2:14  Drone  
  11  2:15  Drone x3  
  15  3:09  Drone  
  16  3:10  Drone x3  
  21  3:56  Lair  
  19  4:00  Zergling x2  
  19  4:01  Zergling x4  
  19  6:14  Spire  
  19  6:19  Hydralisk Den  
  17  6:29  Unknown  
  17  7:20  Evolution Chamber  
  17  7:22  Hive  
  17  7:25  Evolution Chamber  
  17  7:26  Evolution Chamber  
  14  7:33  Unknown  
  14  7:34  Unknown  
  14  8:25  Queen  
  16  8:35  Ultralisk Cavern  
Tags
 
Add a new tag
Caveats
  • Supply blocks, unpowered buildings, or Contaminate may cause inaccurate times.
  • Supply counts are checked every 10 seconds.